 Dungeon Crawl Stone Soup version 0.21.1-1-g345015f (webtiles) character file.

44 sking99 the Ruffian (level 3, -8/35 HPs)
             Began as an Ogre Transmuter on June 20, 2018.
             Killed from afar by Sigmund (13 damage)
             ... with a wand of flame (17)
             ... on level 2 of the Dungeon.
             The game lasted 00:06:24 (1656 turns).

sking99 the Ruffian (Ogre Transmuter)               Turns: 1656, Time: 00:06:25

Health: -8/35      AC:  2    Str: 14    XL:     3   Next: 60%
Magic:  3/7        EV: 19    Int: 15    God:
Gold:   204        SH:  0    Dex: 14    Spells: 1/7 levels left

rFire    . . .     SeeInvis .     - Unarmed
rCold    . . .     Gourm    .   (shield currently unavailable)
rNeg     . . .     Faith    .   (armour currently unavailable)
rPois    x         Spirit   .   (helmet currently unavailable)
rElec    .         Reflect  .   (cloak currently unavailable)
rCorr    .         Harm     .   (gloves unavailable)
MR       .....                  (boots unavailable)
Stlth    +.........             (no amulet)
HPRegen  0.11/turn              (no ring)
MPRegen  0.10/turn              (no ring)

@: spider-form (expiring)
A: tiny, unfitting armour
a: End Transformation


You were on level 2 of the Dungeon.
You were not hungry.
You were a venomous arachnid creature.
You visited 1 branch of the dungeon, and saw 2 of its levels.

You collected 204 gold pieces.

Inventory:

Missiles
 a - 59 arrows (quivered)
Armour
 b - a +0 robe (melded)
Scrolls
 f - a scroll of amnesia {unknown}
 g - 3 scrolls of identify {unknown}
 j - a scroll of teleportation {unknown}
Potions
 e - a potion of flight {unknown}
 h - 2 potions of cancellation {unknown}
 i - 2 potions of mutation {unknown}
Books
 c - a book of Changes

   Spells                             Type                      Level
   a - Beastly Appendage              Transmutation                1
   b - Sticks to Snakes               Transmutation                2
   c - Spider Form                    Transmutation/Poison         3
   d - Ice Form                       Ice/Transmutation            4
   e - Blade Hands                    Transmutation                5
Comestibles
 d - 4 rations


   Skills:
 - Level 2.3 Fighting
 - Level 2.2 Dodging
 - Level 3.1 Unarmed Combat
 + Level 2.6 Spellcasting
 + Level 2.0 Transmutations
 + Level 0.5 Poison Magic


You had one spell level left.
You knew the following spells:

 Your Spells              Type           Power        Failure   Level  Hunger
a - Beastly Appendage     Tmut           #.....       22%         1    #......
b - Sticks to Snakes      Tmut           #.......     32%         2    ##.....
c - Spider Form           Tmut/Pois      #.........   58%         3    ###....


Dungeon Overview and Level Annotations

Branches:
Dungeon (2/15)

Altars:
Uskayaw

Annotations:
D:2 Sigmund


Innate Abilities, Weirdness & Mutations

You are too large for most types of armour.
((You have tough skin. (AC +1)))


Message History

Your +0 robe melds into your body.
Your transformation is almost over.
You hit the hobgoblin but do no damage.
The hobgoblin is poisoned.
The hobgoblin is almost dead.
You kill the hobgoblin!
You hear a zap.
A puff of flame appears from out of thin air!
The puff of flame hits you!
* * * LOW HITPOINT WARNING * * *
Something hits you but does no damage.
You see here a club.
You barely miss something.
You hear a zap.
A puff of flame appears from out of thin air!
The puff of flame misses you.
You closely miss something.
You hear a zap.
A puff of flame appears from out of thin air!
The puff of flame hits you!
You die...

#######
#####..####.####.#....#..
####.## #..###.#...<###
####....## ##..#..#....###
#.........# ##...##....##.
#.........# ##..##....##.
#.........######...##....##.
#.........##.............##.
#.........##.###.#.########^
..........{s######## #.
.........####.###g#### #.
#....#....#.#_#.#...## #.
#.####..##.###g####..#####.
. ##.#### ### ##....... #.#
#####... #.. #... ### #...
#...


There were no monsters in sight!

Vanquished Creatures
  2 oozes
  3 giant cockroaches
  6 goblins
  6 hobgoblins
  2 kobolds (D:2)
  4 bats
  2 frilled lizards
  3 rats
28 creatures vanquished.

Vanquished Creatures (collateral kills)
  An adder (D:2)
1 creature vanquished.

Grand Total: 29 creatures vanquished

Notes
Turn   | Place    | Note
-------+----------+-------------------------------------------
     0 | D:1      | sking99 the Ogre Transmuter began the quest for the Orb.
     0 | D:1      | Reached XP level 1. HP: 19/19 MP: 3/3
   207 | D:1      | Reached XP level 2. HP: 11/28 MP: 5/5
   407 | D:1      | Learned a level 2 spell: Sticks to Snakes
   458 | D:1      | Reached skill level 3 in Unarmed Combat
   918 | D:2      | Reached XP level 3. HP: 32/35 MP: 6/6
   923 | D:2      | Learned a level 3 spell: Spider Form
  1035 | D:2      | Noticed a hand axe
  1037 | D:2      | Noticed a hand axe
  1038 | D:2      | Found a hide-covered altar of Uskayaw.
  1612 | D:2      | Found a faded altar of an unknown god.
  1623 | D:2      | Noticed Sigmund
  1656 | D:2      | Killed from afar by Sigmund

Skill      XL: |  1  2  3 |
---------------+----------+-----
Dodging        | 2 |  2.2
Fighting       | 2 |  2.3
Unarmed Combat | 3 |  3.1
Transmutations | 2 |  2.0
Spellcasting   | |  2.6
Poison Magic   | |  0.5

Action                   || total
-------------------------++-------
Melee: Unarmed           ||    92
 Cast: Sticks to Snakes  ||     3
       Spider Form       ||     2
  Eat: Chunk             ||     2
       Ration            ||     1
Armor: Robe              ||    35
       Skin              ||     2
Dodge: Dodged            ||    48
